 Dungeon Crawl Stone Soup version 0.18.1-48-g4cf74bf (webtiles) character file.

104 lawna the Insei (level 4, 0/34 HPs)
             Began as a Demigod Transmuter on Sept 4, 2016.
             Succumbed to an adder's poison
             ... on level 5 of the Dungeon.
             The game lasted 00:14:39 (1965 turns).

lawna the Insei (Demigod Transmuter)                Turns: 1965, Time: 00:14:40

Health: 0/34       AC:  4    Str: 13    XL:     4   Next: 28%
Magic:  10/10      EV: 13    Int: 17    God:
Gold:   121        SH:  0    Dex: 18    Spells: 1 memorised, 6 levels left

rFire  . . .     SeeInvis .       - Unarmed
rCold  . . .     Gourm    .     b - +0 robe
rNeg   . . .     Faith    .     (no shield)
rPois  .         Spirit   .     (no helmet)
rElec  .         Dismiss  .     h - +1 cloak
rCorr  .         Reflect  .     (no gloves)
SustAt +         Harm     .     (no boots)
MR     .....                    (no amulet)
Stlth  ++........               (no ring)
                                (no ring)

@: lethally poisoned (0 -> -2), not resistant to hostile enchantments,
unstealthy
A: high mp 1, sustain attributes
a: no special abilities


You were on level 5 of the Dungeon.
You were not hungry.

You visited 1 branch of the dungeon, and saw 5 of its levels.

You collected 121 gold pieces.

Inventory:

Hand Weapons
 m - a +0 club
Missiles
 a - 62 arrows
Armour
 b - a +0 robe (worn)
 g - a +0 chain mail
 h - a +1 cloak (worn)
 i - a +0 helmet
Scrolls
 e - 4 scrolls of identify
Potions
 j - a potion of brilliance
 l - a potion of lignification
 n - a potion of cancellation
 o - a potion of magic {unknown}
Books
 c - a book of Changes

   Spells                             Type                      Level
   a - Beastly Appendage              Transmutation                1
   b - Sticks to Snakes               Transmutation                2
   c - Spider Form                    Transmutation/Poison         3
   d - Ice Form                       Ice/Transmutation            4
   e - Blade Hands                    Transmutation                5
Comestibles
 d - a bread ration
 f - 3 meat rations
 k - 4 fruits
 p - a beef jerky
 q - 2 chunks of flesh


   Skills:
 + Level 0.8 Fighting
 + Level 0.6 Armour
 + Level 2.9 Dodging
 + Level 0.2 Stealth
 + Level 3.3 Unarmed Combat
 + Level 2.4 Spellcasting
 + Level 2.1 Transmutations


You had 6 spell levels left.
You knew the following spells:

 Your Spells              Type           Power        Failure   Level  Hunger
a - Beastly Appendage     Trmt           #.....       10%         1    #......


Dungeon Overview and Level Annotations

Branches:
Dungeon (6/15)
 Temple: D:4-7

Annotations:
D:6 Eustachio


Innate Abilities, Weirdness & Mutations

You have an increased reservoir of magic (+10% MP).
Your attributes are resistant to harm.


Message History

The howler monkey skeleton hits you but does no damage.
The howler monkey skeleton closely misses you.
You hit the adder but do no damage.
The adder is severely wounded.
* * * LOW HITPOINT WARNING * * *
You feel sick. The adder closely misses you.
The howler monkey skeleton barely misses you.
The howler monkey skeleton bites you.
* * * LOW HITPOINT WARNING * * *
The adder closely misses you.
You barely miss the adder.
The adder is severely wounded.
The howler monkey skeleton completely misses you.
The howler monkey skeleton barely misses you.
The adder bites you but does no damage.
You hit the adder.
You kill the adder!
The howler monkey skeleton barely misses you.
The howler monkey skeleton bites you but does no damage.
You die...

.## ..... ...
.)..# ..# <...
.. ... ##.#..
##....
#.#....#######
#.....@.%....#
......#..>....#
..... ##lZ....#
.... #......#
... ........#
.. ...)......#
. ............#
............#
......####.##


You could see a giant gecko and a howler monkey skeleton.

Vanquished Creatures
  Robin (D:2)
  2 adders
  2 oozes (D:2)
  2 worms (D:2)
  2 dart slugs (D:2)
  An orc (D:2)
  4 bats
  A giant cockroach (D:2)
  15 goblins
  6 hobgoblins
  4 jackals (D:2)
  4 kobolds (D:1)
  3 giant newts (D:2)
  7 rats
54 creatures vanquished.

Notes
Turn   | Place    | Note
--------------------------------------------------------------
     0 | D:1      | lawna the Demigod Transmuter began the quest for the Orb.
     0 | D:1      | Reached XP level 1. HP: 15/15 MP: 5/5
   262 | D:1      | Reached skill level 3 in Unarmed Combat
   642 | D:1      | Reached XP level 2. HP: 22/22 MP: 5/7
  1038 | D:2      | Reached XP level 3. HP: 20/27 MP: 6/8
  1067 | D:2      | Noticed Robin
  1092 | D:2      | Killed Robin
  1341 | D:2      | Found a sparkling altar of Nemelex Xobeh.
  1562 | D:2      | Reached XP level 4. HP: 27/34 MP: 8/10
  1933 | D:3      | You fall through a shaft for 3 floors!
  1933 | D:6      | Noticed Eustachio
  1955 | D:5      | Entered Level 5 of the Dungeon
  1961 | D:5      | HP: 1/34 [howler monkey skeleton (1)]
  1965 | D:5      | Succumbed to an adder's poison

Skill      XL: |  1  2 |
---------------+-------+-----
Unarmed Combat | 3 |  3.3
Spellcasting   | 2 |  2.4
Transmutations | 2 |  2.1
Dodging        | 2 |  2.9
Fighting       | |  0.8
Armour         | |  0.6
Stealth        | |  0.2

Action                   |  1- 3 |  4- 6 || total
-------------------------+-------+-------++-------
Melee: Unarmed           |   143 |    39 ||   182
       Headbutt          |    11 |     3 ||    14
       Kick              |    21 |     7 ||    28
       Punch             |     2 |       ||     2
 Cast: Beastly Appendage |    18 |     8 ||    26
  Use: Scroll            |     4 |       ||     4
       Potion            |     6 |       ||     6
 Stab: Sleeping          |     1 |       ||     1
  Eat: Meat ration       |     1 |       ||     1
Armor: Chain mail        |    34 |       ||    34
       Robe              |    38 |    23 ||    61
Dodge: Dodged            |    92 |    37 ||   129
